 Dungeon Crawl Stone Soup version 0.32-a0-875-g23b751d0ae (webtiles) character file.

Game seed: 10332329297634048451

133 Merkmiralles the Trooper (level 4, 0/42 HPs)
             Began as a Minotaur Berserker on Mar 31, 2024.
             Was a Follower of Trog.
             Succumbed to an adder's poison
             ... on level 2 of the Dungeon.
             The game lasted 00:01:12 (1358 turns).

Merkmiralles the Trooper (Minotaur Berserker)       Turns: 1358, Time: 00:01:12

Health: 0/42       AC:  2    Str: 23    XL:     4   Next: 93%
Magic:  3/3        EV: 11    Int:  4    God:    Trog [*.....]
Gold:   156        SH:  0    Dex: 10    Spells: 3/3 levels left

rFire   . . .        a - +0 hand axe
rCold   . . .        (no shield)
rNeg    . . .        b - +0 animal skin
rPois   .            (helmet restricted)
rElec   .            (no cloak)
rCorr   .            (no gloves)
SInv    .            (no boots)
Will    .....        (no amulet)
Stlth   +            (no ring)
HPRegen 0.27/turn    (no ring)
MPRegen 0.08/turn

%: no passive effects
@: lethally poisoned (0 -> -2), on berserk cooldown, slowed, very slow
A: horns 2, retaliatory headbutt
a: Renounce Religion, Berserk


You were on level 2 of the Dungeon.
You worshipped Trog.
Trog was aware of your devotion.
You visited 1 branch of the dungeon, and saw 2 of its levels.

You collected 156 gold pieces.

Inventory:

Hand Weapons
 a - a +0 hand axe (weapon)
Armour
 b - a +0 animal skin (worn)
Scrolls
 d - 3 scrolls of identify {unknown}
 e - 2 scrolls of immolation {unknown}
 g - a scroll of teleportation {unknown}
 h - a scroll of fear {unknown}
 j - a scroll of enchant armour {unknown}
Potions
 c - 2 potions of brilliance {unknown}
 f - a potion of might {unknown}
 i - 2 potions of curing {unknown}
 k - a potion of degeneration {unknown}
 l - a potion of heal wounds {unknown}
 m - 2 potions of attraction {unknown}


   Skills:
 + Level 5.5 Fighting
 + Level 5.4 Axes
 - Level 2.4 Armour
 - Level 2.1 Dodging


You had 3 spell levels left.
You didn't know any spells.
Your spell library was empty.

Dungeon Overview and Level Annotations

Branches:
Dungeon (2/15)

Altars:


Innate Abilities, Weirdness & Mutations

You have a pair of horns on your head.
You reflexively headbutt those who attack you in melee.


Message History

You furiously retaliate!
You headbutt the ogre! You slash the ogre! Your headbutt misses the ogre.
The ogre is almost dead.
You hit the ogre.
You kill the ogre!
Trog accepts your kill.
Your Fighting skill increases to level 5!
Your Axes skill increases to level 5!
You have reached level 4!
You feel agile.
You start resting.
You feel a strong urge to attack something.
You start resting.
An adder is nearby!
An adder is nearby!
You are too injured to fight recklessly!
You feel your anger nearly subside.
You are no longer berserk.
You are exhausted.
You feel yourself slow down.
You see here 2 fuming puce potions.
m - 2 fuming puce potions An adder is nearby!
The adder bites you.
* * * LOW HITPOINT WARNING * * *
The adder bites you.
* * * LOW HITPOINT WARNING * * *
You are poisoned.
The adder poisons you!
You hit the adder but do no damage.
You feel sick. The adder bites you.
* * * LOW HITPOINT WARNING * * *
The adder closely misses you. You furiously retaliate!
You headbutt the adder. You hit the adder.
The adder is severely wounded.
* * * LOW HITPOINT WARNING * * *
You feel sick. The adder bites you.
* * * LOW HITPOINT WARNING * * *
The adder bites you but does no damage.
You barely miss the adder. Your headbutt misses the adder.
The adder is severely wounded.
You die...

###.# ... #.# #.#
###.#### ##.## # #.#
.$....##..)..# # #.#
.........#..# # #.#
#).......#..# # #.#
#).......#..###### #.#
#.#.######........ #.#
#S#........####### #.#
#@#.........# #.#
#.#.........# #.#####
#.#######...# #.....#
#.# #......# #####.##.
#.# #.#..###
#.##.####.# ##...##
#.##.#....###..###
#.##.#.#.......#
#######.##.#..†÷.....#


You could see an adder.

Vanquished Creatures
  An ogre (D:2)
  2 adders (D:2)
  A ribbon worm (D:2)
  A bat (D:1)
  4 endoplasms
  3 giant cockroaches
  A goblin (D:2)
  4 hobgoblins
  2 quokkas
  2 ball pythons
  A frilled lizard (D:1)
  2 kobolds
  3 rats
27 creatures vanquished.

Notes
Turn   | Place    | Note
-------+----------+-------------------------------------------
     0 | D:1      | Merkmiralles the Minotaur Berserker began the quest for the
                  | Orb.
     0 | D:1      | Reached XP level 1. HP: 19/19 MP: 0/0
    64 | D:1      | Found a faded altar of an unknown god.
   129 | D:1      | Reached XP level 2. HP: 17/27 MP: 1/1
  1057 | D:2      | Reached XP level 3. HP: 34/34 MP: 2/2
  1338 | D:2      | Noticed an ogre
  1346 | D:2      | Killed an ogre
  1347 | D:2      | Reached skill level 5 in Fighting
  1347 | D:2      | Reached skill level 5 in Axes
  1347 | D:2      | Reached XP level 4. HP: 15/42 MP: 3/3
  1357 | D:2      | HP: 1/42 [adder (2)]
  1358 | D:2      | Succumbed to an adder's poison

Illustrated notes

Levels and vault maps discovered:
D:1:      amcnicky_arrival_underground_garden, layout_loops_ring,
          shapermc_ecumenical_altar_ellora
D:2:      layout_basic

Skill      XL: |  1  2  3 |
---------------+----------+-----
Axes           | 4 5 |  5.4
Fighting       | 4 5 |  5.5
Armour         | |  2.4
Dodging        | |  2.1

Action                     |  1- 3 |  4- 6 || total
---------------------------+-------+-------++-------
  Melee: Hand axe          |    59 |     3 ||    62
         Headbutt          |     6 |       ||     6
 Invoke: Berserk           |     3 |       ||     3
   Stab: Sleeping          |     2 |       ||     2
 Armour: Animal skin       |    44 |     5 ||    49
  Dodge: Dodged            |    35 |     1 ||    36

Table legend: (Time is in decaauts)
 A = Elapsed time spent in this place.
 B = Non-inter-level travel time spent in this place.
 C = Inter-level travel time spent in this place.
 D = Time resting spent in this place.
 E = Time spent auto-exploring this place.
 F = Levels seen in this place.
 G = Mean time per level.
                   A        B        C        D        E       F      G
               +--------+--------+--------+--------+--------+-----+--------+
         Total |   1387 |   1376 |     11 |     50 |   1153 |   2 |  693.5 |
       Dungeon |   1387 |   1376 |     11 |     50 |   1153 |   2 |  693.5 |
               +--------+--------+--------+--------+--------+-----+--------+

Top non-repeatable levels by time:
     D:1: 784 daAuts
     D:2: 602 daAuts
